 Dungeon Crawl Stone Soup version 0.29-a0-338-g1ff7896281 (webtiles) character file.

Game seed: 2964359085831459832

322 spaghetti the Covert (level 6, -1/53 HPs)
             Began as a Gnoll Delver on Apr 18, 2022.
             Slain by an ice beast (7 damage)
             ... on level 6 of the Dungeon.
             The game lasted 00:01:48 (1129 turns).

spaghetti the Covert (Gnoll Delver)                 Turns: 1129, Time: 00:01:49

Health: -1/53      AC:  3    Str: 11    XL:     6   Next: 47%
Magic:  9/9        EV: 13    Int: 10    God:
Gold:   37         SH:  0    Dex: 15    Spells: 9/9 levels left

rFire   . . .      SeeInvis .   a - +0 short sword {short}
rCold   . . .      Faith    .   (no shield)
rNeg    . . .      Spirit   .   b - +0 leather armour
rPois   .          Reflect  .   (no helmet)
rElec   .          Harm     .   (no cloak)
rCorr   .          Rampage  .   (no gloves)
Will    +....                   (no boots)
Stlth   ++++......              (no amulet)
HPRegen 0.17/turn               (no ring)
MPRegen 0.11/turn               (no ring)

@: no status effects
A: fangs 1, strong nose, distributed training, strong-willed 1, wild magic 1
a: no special abilities


You were on level 6 of the Dungeon.
You visited 1 branch of the dungeon, and saw 2 of its levels.

You collected 37 gold pieces.


Innate Abilities, Weirdness & Mutations

You have very sharp teeth.
Your uncanny sense of smell can sniff out nearby items.
Your experience applies equally to all skills.
You are strong-willed. (Will+)
Your spells are a little harder to cast, but a little more powerful.


   Skills:
 + Level 6.8 Fighting
 + Level 5.0 Short Blades
 + Level 2.0 Long Blades
 + Level 2.0 Axes
 + Level 2.0 Maces & Flails
 + Level 2.0 Polearms
 + Level 2.0 Staves
 + Level 2.0 Slings
 + Level 2.0 Bows
 + Level 2.0 Crossbows
 + Level 2.0 Throwing
 + Level 2.0 Armour
 + Level 5.0 Dodging
 + Level 9.8 Stealth
 + Level 2.0 Shields
 + Level 2.0 Unarmed Combat
 + Level 2.0 Spellcasting
 + Level 1.5 Conjurations
 + Level 1.5 Hexes
 + Level 1.5 Summonings
 + Level 1.5 Necromancy
 + Level 1.5 Translocations
 + Level 1.5 Transmutations
 + Level 1.5 Fire Magic
 + Level 1.5 Ice Magic
 + Level 1.5 Air Magic
 + Level 1.5 Earth Magic
 + Level 1.5 Poison Magic
 + Level 2.2 Invocations
 + Level 2.0 Evocations


You had 9 spell levels left.
You didn't know any spells.
Your spell library contained the following spells:

 Spells                   Type           Power      Damage    Failure   Level
 Confusing Touch          Hex            5%         N/A       63%         3
 Yara's Violent Unravell  Hex/Tmut       2%         3d3       100%        5
 Enfeeble                 Hex            2%         N/A       100%        7

Inventory:

Hand Weapons
 a - a +0 short sword (weapon) {short}
Missiles
 h - 6 stones (quivered) {throwing}
 k - 4 boomerangs {throwing}
Armour
 b - a +0 leather armour (worn)
Wands
 g - a wand of digging (3)
Scrolls
 c - a scroll of fog
 d - a scroll of magic mapping {!r}
 j - a scroll of amnesia
 m - a scroll of teleportation {unknown}
Potions
 l - a potion of curing {@q1}

Dungeon Overview and Level Annotations

Branches:
Dungeon (6/15)
 Temple: D:4-7

Altars:
Okawaru

Annotations:
D:6 exclusion: door

#.....######.......#
##...## #.###.#.# ##.##
#.# #.#.# #.# #.###.#.#
#.# #.#...#.# ##+##
#.#.###.#
##...#######.#.###.#
##.....##...........#
##.......#.###.Y@#######
#..........###(........##
+...........((.....###...
#........(.#.......#⌠#.#
##.......#.#.#.....###.#
##.....##.#.#.##......#
##...###.....##....###
##'## ###.######### #.###
#.#


You could see an ice beast.


Message History

😮 HP[+22]
You regained 22 hp, and now have 33/53 hp.
Unknown command.
An ice beast is nearby! 😮 HP[+1]
There is an open door here.
You close the door.
Press: ? - help, v - describe, . - travel A closed door.
Placed new exclusion.
Reduced exclusion size to a single square.
Key pressed, stopping explore.
Key pressed, stopping explore.
An ice beast is nearby!
An ice beast is nearby!
An ice beast is nearby! 😎 HP[+19]
Your hp is fully restored (53).
You throw a stone {throwing}.
The stone {throwing} hits the ice beast but does no damage.
You throw a stone {throwing}.
The stone {throwing} barely misses the ice beast.
You throw a stone {throwing}.
The stone {throwing} closely misses the ice beast.
You throw a stone {throwing}.
The stone {throwing} hits the ice beast.
You throw a stone {throwing}.
The stone {throwing} hits the ice beast but does no damage.
You throw a stone {throwing}.
The stone {throwing} hits the ice beast but does no damage.
You hit the ice beast.
The ice beast hits you but does no damage.
You closely miss the ice beast.
You bite the ice beast, but do no damage.
The ice beast barely misses you.
You barely miss the ice beast. The ice beast closely misses you.
You hit the ice beast. You hit the ice beast but do no damage.
The ice beast misses you.
You hit the ice beast but do no damage. The ice beast barely misses you.
You hit the ice beast. The ice beast misses you.
You closely miss the ice beast.
The ice beast hits you but does no damage.
You closely miss the ice beast. Your bite misses the ice beast.
The ice beast hits you. The ice beast freezes you! 😕 HP[-9]
You take 9 damage, and now have 44/53 hp.
You are too injured to fight recklessly!
You are too injured to fight recklessly!
You are too injured to fight recklessly!
You are too injured to fight recklessly!
You are too injured to fight recklessly!
You are too injured to fight recklessly!
You are too injured to fight recklessly!
You are too injured to fight recklessly!
You are too injured to fight recklessly!
You are too injured to fight recklessly!
You are too injured to fight recklessly!
You are too injured to fight recklessly!
You are too injured to fight recklessly!
You are too injured to fight recklessly!
Unknown command.
You hit the ice beast but do no damage.
You bite the ice beast, but do no damage.
The ice beast barely misses you.
You hit the ice beast.
The ice beast hits you but does no damage.
You barely miss the ice beast. You bite the ice beast. 😕 HP[+1]
You completely miss the ice beast. The ice beast barely misses you.
Okay, then.
You barely miss the ice beast. The ice beast closely misses you.
You hit the ice beast but do no damage. The ice beast closely misses you.
You barely miss the ice beast. The ice beast completely misses you.
You hit the ice beast. The ice beast hits you.
The ice beast freezes you. 😮 HP[-10]
You take 10 damage, and now have 35/53 hp.
You hit the ice beast. Your bite misses the ice beast.
Unknown command.
You closely miss the ice beast. The ice beast hits you.
The ice beast freezes you!
* * * LOW HITPOINT WARNING * * *
😨 HP[-13]
You take 13 damage, and now have 22/53 hp.
MASSIVE DAMAGE!! (PAUSE)
You closely miss the ice beast. Your bite misses the ice beast.
The ice beast hits you.
* * * LOW HITPOINT WARNING * * *
The ice beast freezes you!
* * * LOW HITPOINT WARNING * * *
😱 HP[-14]
You take 14 damage, and now have 8/53 hp.
MASSIVE DAMAGE!! (PAUSE)
You hit the ice beast.
You bite the ice beast, but do no damage.
The ice beast closely misses you.
You hit the ice beast but do no damage. Your bite misses the ice beast.
The ice beast hits you.
* * * LOW HITPOINT WARNING * * *
The ice beast freezes you!
You die...

Skill      XL: |  1  2  3  4  5  6 |
---------------+-------------------+-----
Stealth        | |  9.8
Long Blades    | 1 2 |  2.0
Axes           | 1 2 |  2.0
Maces & Flails | 1 2 |  2.0
Polearms       | 1 2 |  2.0
Staves         | 1 2 |  2.0
Slings         | 1 2 |  2.0
Bows           | 1 2 |  2.0
Crossbows      | 1 2 |  2.0
Throwing       | 1 2 |  2.0
Armour         | 1 2 |  2.0
Shields        | 1 2 |  2.0
Unarmed Combat | 1 2 |  2.0
Spellcasting   | 1 2 |  2.0
Conjurations   | 1 |  1.5
Hexes          | 1 |  1.5
Summonings     | 1 |  1.5
Necromancy     | 1 |  1.5
Translocations | 1 |  1.5
Transmutations | 1 |  1.5
Fire Magic     | 1 |  1.5
Ice Magic      | 1 |  1.5
Air Magic      | 1 |  1.5
Earth Magic    | 1 |  1.5
Poison Magic   | 1 |  1.5
Invocations    | 1 2 |  2.2
Evocations     | 1 2 |  2.0
Short Blades   | 5 |  5.0
Dodging        | 5 |  5.0
Fighting       | |  6.8

Action                   |  1- 3 |  4- 6 || total
-------------------------+-------+-------++-------
Melee: Short sword       |    28 |    47 ||    75
       Bite              |     2 |     9 ||    11
       Punch             |     1 |     1 ||     2
Throw: Stone             |       |     6 ||     6
  Use: Potion            |     2 |     2 ||     4
       Scroll            |     1 |     1 ||     2
 Stab: Sleeping          |     1 |     2 ||     3
Armor: Leather armour    |    10 |     8 ||    18
Dodge: Dodged            |    31 |    21 ||    52

Levels and vault maps discovered:
D:5:      layout_basic, mainiacjoe_overflow_alcove_1,
          minmay_temple_entry_glassed_door
D:6:      layout_loops_corners, overflow_temple_1_default, feat_on_display

Notes
Turn   | Place    | Note
-------+----------+-------------------------------------------
     0 | D:5      | Reached skill level 9 in Stealth
     0 | D:5      | spaghetti the Gnoll Delver began the quest for the Orb.
     0 | D:5      | Reached XP level 1. HP: 23/23 MP: 1/1
     0 | D:5      | magus.rc [v1.9.6]
    26 | D:6      | Reached XP level 2. HP: 29/29 MP: 2/2
    90 | D:6      | Reached XP level 3. HP: 25/35 MP: 2/4
   205 | D:6      | Noticed a black bear
   219 | D:6      | HP: 5/35 [black bear (4)]
   243 | D:6      | HP: 7/35 [black bear (5)]
   244 | D:6      | Killed a black bear
   245 | D:6      | Reached skill level 1 in Long Blades
   245 | D:6      | Reached skill level 1 in Axes
   245 | D:6      | Reached skill level 1 in Maces & Flails
   245 | D:6      | Reached skill level 1 in Polearms
   245 | D:6      | Reached skill level 1 in Staves
   245 | D:6      | Reached skill level 1 in Slings
   245 | D:6      | Reached skill level 1 in Bows
   245 | D:6      | Reached skill level 1 in Crossbows
   245 | D:6      | Reached skill level 1 in Throwing
   245 | D:6      | Reached skill level 1 in Armour
   245 | D:6      | Reached skill level 1 in Shields
   245 | D:6      | Reached skill level 1 in Unarmed Combat
   245 | D:6      | Reached skill level 1 in Spellcasting
   245 | D:6      | Reached skill level 1 in Conjurations
   245 | D:6      | Reached skill level 1 in Hexes
   245 | D:6      | Reached skill level 1 in Summonings
   245 | D:6      | Reached skill level 1 in Necromancy
   245 | D:6      | Reached skill level 1 in Translocations
   245 | D:6      | Reached skill level 1 in Transmutations
   245 | D:6      | Reached skill level 1 in Fire Magic
   245 | D:6      | Reached skill level 1 in Ice Magic
   245 | D:6      | Reached skill level 1 in Air Magic
   245 | D:6      | Reached skill level 1 in Earth Magic
   245 | D:6      | Reached skill level 1 in Poison Magic
   245 | D:6      | Reached skill level 1 in Invocations
   245 | D:6      | Reached skill level 1 in Evocations
   245 | D:6      | Reached XP level 4. HP: 9/41 MP: 4/6
   245 | D:6      | Reached XP level 5. HP: 10/47 MP: 4/7
   731 | D:6      | Noticed a shadow
   738 | D:6      | Killed a shadow
   739 | D:6      | Reached skill level 5 in Short Blades
   739 | D:6      | Reached skill level 5 in Dodging
   739 | D:6      | Reached skill level 2 in Invocations
   739 | D:6      | Reached XP level 6. HP: 53/53 MP: 8/8
   740 | D:6      | You pick up a book of Misfortune and begin reading...
   740 | D:6      | You add the spells Confusing Touch, Yara's Violent
                  | Unravelling and Enfeeble to your library.
   770 | D:6      | Reached skill level 2 in Long Blades
   770 | D:6      | Reached skill level 2 in Axes
   770 | D:6      | Reached skill level 2 in Maces & Flails
   770 | D:6      | Reached skill level 2 in Polearms
   770 | D:6      | Reached skill level 2 in Staves
   770 | D:6      | Reached skill level 2 in Slings
   770 | D:6      | Reached skill level 2 in Bows
   770 | D:6      | Reached skill level 2 in Crossbows
   770 | D:6      | Reached skill level 2 in Throwing
   770 | D:6      | Reached skill level 2 in Armour
   770 | D:6      | Reached skill level 2 in Shields
   770 | D:6      | Reached skill level 2 in Unarmed Combat
   770 | D:6      | Reached skill level 2 in Spellcasting
   770 | D:6      | Reached skill level 2 in Evocations
   805 | D:6      | Noticed an ice beast
   807 | D:6      | Found an iron altar of Okawaru.
   814 | D:6      | Gained mutation: You are strong-willed. (Will+) [potion of
                  | mutation]
   814 | D:6      | Gained mutation: Your spells are a little harder to cast,
                  | but a little more powerful. [potion of mutation]
   815 | D:6      | HP: 10/53 [ice beast (11)]
  1127 | D:6      | HP: 8/53 [ice beast (12)]
  1129 | D:6      | Slain by an ice beast

Vanquished Creatures
  A shadow (D:6)
  A black bear (D:6)
  A hound (D:6)
  An iguana (D:6)
  2 adders (D:6)
  A shadow imp (D:6)
  An orc (D:6)
8 creatures vanquished.

Table legend:
 A = Non-vault XP
 B = Vault XP
 C = Vault XP percentage of total XP
 D = Non-vault monster count
 E = Vault monster count
 F = Vault count percentage of total count
                 A         B        C        D         E       F
            +---------+---------+-------+---------+---------+-------
      Total |     461 |       0 |   0.0 |       8 |       0 |   0.0
            +---------+---------+-------+---------+---------+-------
        D:6 |     461 |       0 |   0.0 |       8 |       0 |   0.0
            +---------+---------+-------+---------+---------+-------

Illustrated notes

Table legend:
 A = Kills in this place as a percentage of kills in entire the game.
 B = Kills by you in this place as a percentage of kills by you in the entire game.
 C = Kills by friends in this place as a percentage of kills by friends in the entire game.
 D = Other kills in this place as a percentage of other kills in the entire game.
 E = Experience gained in this place as a percentage of experience gained in the entire game.
 F = Experience gained in this place divided by the number of levels of this place that you have seen.
                   A       B       C       D       E      F
               +-------+-------+-------+-------+-------+----------------------
         Total | 100.0 | 100.0 |   N/A |   N/A | 100.0 | 230.5
       Dungeon | 100.0 | 100.0 |   N/A |   N/A | 100.0 | 230.5
               +-------+-------+-------+-------+-------+----------------------

Table legend: (Time is in decaauts)
 A = Elapsed time spent in this place.
 B = Non-inter-level travel time spent in this place.
 C = Inter-level travel time spent in this place.
 D = Time resting spent in this place.
 E = Time spent auto-exploring this place.
 F = Levels seen in this place.
 G = Mean time per level.
                   A        B        C        D        E       F      G
               +--------+--------+--------+--------+--------+-----+--------+
         Total |   1104 |   1093 |     11 |    296 |    630 |   2 |  552.0 |
       Dungeon |   1104 |   1093 |     11 |    296 |    630 |   2 |  552.0 |
               +--------+--------+--------+--------+--------+-----+--------+

Top non-repeatable levels by time:
     D:6: 1093 daAuts
     D:5: 11 daAuts
